 Dungeon Crawl Stone Soup version 0.20-a0-1009-gc986637 (webtiles) character file.

122 sepiko the Firebug (level 4, -3/33 HPs)
             Began as a Draconian Fire Elementalist on Apr 15, 2017.
             Killed by divine providence
             ... invoked by an orc priest
              (11 damage)
             ... on level 3 of the Dungeon.
             The game lasted 00:10:49 (2865 turns).

sepiko the Firebug (Draconian Fire Elementalist)    Turns: 2865, Time: 00:10:49

Health: -3/33      AC:  5    Str: 10    XL:     4   Next: 78%
Magic:  5/8        EV: 12    Int: 16    God:
Gold:   68         SH:  4    Dex: 12    Spells: 8/9 levels left

rFire    . . .     SeeInvis .   p - +3 dagger (drain)
rCold    . . .     Gourm    .   (no shield)
rNeg     . . .     Faith    .   (armour unavailable)
rPois    .         Spirit   .   (helmet restricted)
rElec    .         Reflect  +   (no cloak)
rCorr    .         Harm     .   (no gloves)
MR       .....                  (no boots)
Stlth    ++........             o - +4 amulet of reflection
Regen    0.2/turn               (no ring)
MPRegen  0.2/turn               (no ring)

@: drained
A: unfitting armour, cold-blooded, AC +5
a: no special abilities


You were on level 3 of the Dungeon.
You were not hungry.

You visited 1 branch of the dungeon, and saw 3 of its levels.

You collected 68 gold pieces.

Inventory:

Hand Weapons
 p - a +3 dagger of draining (weapon)
Jewellery
 e - an uncursed amulet of magic regeneration
 o - a +4 amulet of reflection (around neck)
Scrolls
 d - a scroll of teleportation {unknown}
 f - a scroll of fear {unknown}
 n - a scroll of magic mapping
 q - a scroll of blinking
Potions
 g - a potion of flight {unknown}
 h - a potion of lignification {unknown}
 i - a potion of curing {unknown}
 j - a potion of degeneration {unknown}
 k - 2 potions of might {unknown}
Books
 a - a book of Flames

   Spells                             Type                      Level
   a - Flame Tongue                   Conjuration/Fire             1
   b - Throw Flame                    Conjuration/Fire             2
   c - Conjure Flame                  Conjuration/Fire             3
   d - Inner Flame                    Hexes/Fire                   3
   e - Sticky Flame                   Conjuration/Fire             4
   f - Fireball                       Conjuration/Fire             5
Comestibles
 b - 2 bread rations
 c - 7 fruits
 l - 2 chunks of flesh
 m - a meat ration


   Skills:
 - Level 1.7(1.1) Dodging
 - Level 1.7(1.1) Stealth
 - Level 3.0(2.3) Spellcasting
 + Level 2.0(1.3) Conjurations
 + Level 4.6(3.9) Fire Magic


You had 8 spell levels left.
You knew the following spells:

 Your Spells              Type           Power        Failure   Level  Hunger
a - Flame Tongue          Conj/Fire      ##...        10%         1    #......


Dungeon Overview and Level Annotations

Branches:
Dungeon (3/15)

Altars:
Qazlal


Innate Abilities, Weirdness & Mutations

Your plain brown scales are hard. (AC +5)
You cannot fit into any form of body armour.
You are cold-blooded and may be slowed by cold attacks.


Message History

The flame tongue hits the orc.
The orc is lightly wounded.
The orc priest looks encouraged for a moment.
Casting: Flame Tongue
Confirm with . or Enter, or press ? or * to list all spells.
Aiming: Flame Tongue
Press: ? - help, Shift-Dir - straight line, f/p - orc
Aim: an orc, wielding a flail (lightly wounded)
The flame tongue hits the orc.
The orc is moderately wounded.
Casting: Flame Tongue
Confirm with . or Enter, or press ? or * to list all spells.
Aiming: Flame Tongue
Press: ? - help, Shift-Dir - straight line, f/p - orc
Aim: an orc, wielding a flail (moderately wounded)
The flame tongue hits the orc.
You kill the orc!
The orc priest mumbles some strange prayers to Beogh against you.
Beogh smites you!
You die...

# ##....#.# # #.....#.# #
#...##..# # #o.##..# ..# #
#..##.## #..# # #......# #..# #
#..oo..# #..# #
#......#########..# #
####..oo)@.....#..# #
###########.#..# ######
#.......## ..... #........##
...###############.........#
.......>...........[.......#
..##........######.........######
.....######## #..............#
###### #..............#


You could see an orc priest, an orc wizard and 2 orcs.

Vanquished Creatures
  3 adders
  2 oozes (D:2)
  A worm (D:2)
  A dart slug (D:2)
  A leopard gecko (D:2)
  7 orcs
  11 bats
  4 giant cockroaches
  7 goblins
  6 hobgoblins
  7 jackals
  6 kobolds
  4 frilled lizards
  7 rats
67 creatures vanquished.

Notes
Turn   | Place    | Note
-------+----------+-------------------------------------------
     0 | D:1      | sepiko the Draconian Fire Elementalist began the quest for the Orb.
     0 | D:1      | Reached XP level 1. HP: 14/14 MP: 3/3
   312 | D:1      | Reached XP level 2. HP: 17/20 MP: 1/5
   994 | D:2      | Reached XP level 3. HP: 21/26 MP: 5/7
  1313 | D:2      | Reached skill level 4 in Fire Magic
  1344 | D:2      | Found a stormy altar of Qazlal.
  1485 | D:2      | Reached XP level 4. HP: 31/33 MP: 4/8
  2865 | D:3      | Killed from afar by an orc priest

Vault maps used:
D:1:      minmay_arrival_open_corners
D:2:      lemuel_round_altar, first_bread
D:3:      minitemple, minmay_stone_trees_large

Skill      XL: |  1  2  3  4 |
---------------+-------------+-----
Fire Magic     | 4 |  4.6
Spellcasting   | 3 |  3.0
Conjurations   | 2 |  2.0
Dodging        | |  1.7
Stealth        | |  1.7

Action                   |  1- 3 |  4- 6 || total
-------------------------+-------+-------++-------
Melee: Unarmed           |    15 |       ||    15
       Dagger            |   140 |    54 ||   194
       Tailslap          |    14 |     3 ||    17
 Cast: Flame Tongue      |    38 |    36 ||    74
  Use: Scroll            |     5 |     1 ||     6
 Stab: Sleeping          |     1 |     1 ||     2
  Eat: Chunk             |     2 |     5 ||     7
Armor: Skin              |    91 |    55 ||   146
Dodge: Dodged            |   183 |    90 ||   273
Block: Other             |       |     8 ||     8
